TOP OF THE 1ST |
Nassau Rockets batting - Pitching for Maui Tropics : LHP Jerry Martin
|
Pitching: LHP Jerry Martin
|
|
Batting: RHB Alejandro Ramírez
|
0-0: Fly out, F2 (Popup, 23F)
|
Batting: LHB Juan Romero
|
0-0: Swinging Strike 0-1: Ball 1-1: Called Strike 1-2: Foul Ball, location: 2F 1-2: Ball 2-2: Strikes out swinging
|
Batting: RHB Dexter Potter
|
0-0: Called Strike 0-1: Called Strike 0-2: Ball 1-2: Ground out 6-3 (Groundball, 56)
|
Top of the 1st over - 0 runs, 0 hits, 0 errors, 0 left on base; Nassau 0 - Maui 0 |
BOTTOM OF THE 1ST |
Maui Tropics batting - Pitching for Nassau Rockets : RHP Oscar Wheeler
|
Pitching: RHP Oscar Wheeler
|
|
Batting: LHB Warren Potter
|
0-0: Foul Ball, location: 2F 0-1: Ground out 2-3 (Groundball, 15S)
|
Batting: LHB Ernesto López
|
0-0: Called Strike 0-1: Foul Ball, location: 2F 0-2: Foul Ball, location: 2F 0-2: Fly out, F8 (Flyball, 8RXD)
|
Batting: RHB Jesús Espinoza
|
0-0: Ball 1-0: Swinging Strike 1-1: SINGLE (Line Drive, 4MD)
|
Batting: RHB Luis Alou
|
0-0: Foul Ball, location: 2F 0-1: SINGLE (Groundball, 34D) Jesús Espinoza to second
|
Batting: LHB Luis Antonio Torres
|
0-0: Fly out, F3 (Popup, 34)
|
Bottom of the 1st over - 0 runs, 2 hits, 0 errors, 2 left on base; Nassau 0 - Maui 0 |
TOP OF THE 2ND |
Nassau Rockets batting - Pitching for Maui Tropics : LHP Jerry Martin
|
Batting: SHB Edgardo Osorio
|
0-0: Ball 1-0: Ball 2-0: Foul Ball, location: 2F 2-1: Ball 3-1: Base on Balls
|
Batting: LHB Andrew Alvarado
|
0-0: Called Strike 0-1: Swinging Strike 0-2: Ball 1-2: Ball 2-2: Foul Ball, location: 2F 2-2: Foul Ball, location: 2F 2-2: Ball 3-2: Grounds into double play, 4-6-3 (Groundball, 4)
|
Batting: RHB Wallace Greene
|
0-0: Called Strike 0-1: Ball 1-1: Ball 2-1: Ball 3-1: Foul Ball, location: 2F 3-2: Strikes out swinging
|
Top of the 2nd over - 0 runs, 0 hits, 0 errors, 0 left on base; Nassau 0 - Maui 0 |
BOTTOM OF THE 2ND |
Maui Tropics batting - Pitching for Nassau Rockets : RHP Oscar Wheeler
|
Batting: RHB José Rodríguez
|
0-0: Ball 1-0: Called Strike 1-1: Foul Ball, location: 2F 1-2: Ball 2-2: Ball 3-2: Strikes out swinging
|
Batting: RHB Matt Silver
|
0-0: Ball 1-0: Swinging Strike 1-1: Ground out 6-3 (Groundball, 6)
|
Batting: RHB John Brown
|
0-0: Swinging Strike 0-1: Foul Ball, location: 2F 0-2: Ball 1-2: Ball 2-2: Strikes out swinging
|
Bottom of the 2nd over - 0 runs, 0 hits, 0 errors, 0 left on base; Nassau 0 - Maui 0 |
TOP OF THE 3RD |
Nassau Rockets batting - Pitching for Maui Tropics : LHP Jerry Martin
|
Batting: RHB Jesús Villalobos
|
0-0: Ground out 6-3 (Groundball, 6M)
|
Batting: RHB Salvador Borbón
|
0-0: Ball 1-0: Ground out 3-1 (Groundball, 34)
|
Batting: RHB Brant Sherman
|
0-0: Swinging Strike 0-1: Ball 1-1: DOUBLE (Line Drive, 9LM)
|
Batting: RHB Alejandro Ramírez
|
0-0: Ball 1-0: Ball 2-0: Ball 3-0: Base on Balls
|
Batting: LHB Juan Romero
|
0-0: Fly out, F7 (Flyball, 7LS)
|
Top of the 3rd over - 0 runs, 1 hit, 0 errors, 2 left on base; Nassau 0 - Maui 0 |
BOTTOM OF THE 3RD |
Maui Tropics batting - Pitching for Nassau Rockets : RHP Oscar Wheeler
|
Batting: RHB Ximena Campos
|
0-0: Called Strike 0-1: Ball 1-1: Foul Ball, location: 2F 1-2: Fly out, F8 (Flyball, 8RM)
|
Batting: LHB Warren Potter
|
0-0: DOUBLE (Flyball, 8LXD)
|
Batting: LHB Ernesto López
|
0-0: Ground out 4-3 (Groundball, 4) Warren Potter to third
|
Batting: RHB Jesús Espinoza
|
0-0: Ball 1-0: Foul Ball, location: 2F 1-1: Called Strike 1-2: Foul Ball, location: 2F 1-2: Ball 2-2: Ground out 5-3 (Groundball, 5S)
|
Bottom of the 3rd over - 0 runs, 1 hit, 0 errors, 1 left on base; Nassau 0 - Maui 0 |
TOP OF THE 4TH |
Nassau Rockets batting - Pitching for Maui Tropics : LHP Jerry Martin
|
Batting: RHB Dexter Potter
|
0-0: SINGLE (Line Drive, 78S)
|
Batting: SHB Edgardo Osorio
|
0-0: Ball 1-0: Ball 2-0: Ball 3-0: Called Strike 3-1: Called Strike 3-2: Base on Balls Dexter Potter to second
|
Batting: LHB Andrew Alvarado
|
0-0: Ball 1-0: Ball 2-0: Foul Ball, location: 2F 2-1: Foul Ball, location: 2F 2-2: Foul Ball, location: 2F 2-2: Ball 3-2: Grounds into double play, U5-3 (Groundball, 5L) Edgardo Osorio to second
|
Batting: RHB Wallace Greene
|
0-0: Called Strike 0-1: Ball 1-1: Called Strike 1-2: Ground out 1-3 (Groundball, 15S)
|
Top of the 4th over - 0 runs, 1 hit, 0 errors, 1 left on base; Nassau 0 - Maui 0 |
BOTTOM OF THE 4TH |
Maui Tropics batting - Pitching for Nassau Rockets : RHP Oscar Wheeler
|
Batting: RHB Luis Alou
|
0-0: Ball 1-0: Ball 2-0: SINGLE (Line Drive, 6D)
|
Batting: LHB Luis Antonio Torres
|
0-0: Ball 1-0: Foul Ball, location: 2F 1-1: Ball 2-1: Fly out, F7 (Flyball, 7)
|
Batting: RHB José Rodríguez
|
0-0: Called Strike 0-1: Ground out U3 (Groundball, 3S) Luis Alou to second
|
Batting: RHB Matt Silver
|
0-0: Called Strike 0-1: Swinging Strike 0-2: Foul Ball, location: 2F 0-2: Foul Ball, location: 2F 0-2: Ball 1-2: Ball 2-2: Strikes out looking
|
Bottom of the 4th over - 0 runs, 1 hit, 0 errors, 1 left on base; Nassau 0 - Maui 0 |
TOP OF THE 5TH |
Nassau Rockets batting - Pitching for Maui Tropics : LHP Jerry Martin
|
Batting: RHB Jesús Villalobos
|
0-0: Swinging Strike 0-1: Foul Ball, location: 2F 0-2: SINGLE (Flyball, 9LS)
|
Batting: RHB Salvador Borbón
|
0-0: Ground out 3-1 (Groundball, 34S) Jesús Villalobos to second
|
Batting: RHB Brant Sherman
|
0-0: Ball 1-0: Called Strike 1-1: Foul Ball, location: 2F 1-2: Fly out, F8 (Flyball, 8RD) Runner from 2nd tags up, SAFE at 3rd with throw
|
Batting: RHB Alejandro Ramírez
|
0-0: Ball 1-0: Swinging Strike 1-1: Swinging Strike 1-2: Strikes out looking
|
Top of the 5th over - 0 runs, 1 hit, 0 errors, 1 left on base; Nassau 0 - Maui 0 |
BOTTOM OF THE 5TH |
Maui Tropics batting - Pitching for Nassau Rockets : RHP Oscar Wheeler
|
Batting: RHB John Brown
|
0-0: Called Strike 0-1: Foul Ball, location: 2F 0-2: Ball 1-2: Ball 2-2: Ground out 5-3 (Groundball, 56S)
|
Batting: RHB Ximena Campos
|
0-0: Called Strike 0-1: Ball 1-1: Ball 2-1: Ball 3-1: Base on Balls
|
Batting: LHB Warren Potter
|
0-0: Foul Ball, location: 2F 0-1: Foul Ball, location: 2F 0-2: Ball 1-2: Fly out, F8 (Flyball, 8LXD)
|
Batting: LHB Ernesto López
|
0-0: SINGLE (Groundball, 5D) Ximena Campos to second
|
Batting: RHB Jesús Espinoza
|
0-0: Called Strike 0-1: Fly out, F4 (Popup, 4)
|
Bottom of the 5th over - 0 runs, 1 hit, 0 errors, 2 left on base; Nassau 0 - Maui 0 |
TOP OF THE 6TH |
Nassau Rockets batting - Pitching for Maui Tropics : LHP Jerry Martin
|
Batting: LHB Juan Romero
|
0-0: Ball 1-0: Ground out 5-3 (Groundball, 5L)
|
Batting: RHB Dexter Potter
|
0-0: Foul Ball, location: 2F 0-1: DOUBLE (Line Drive, 78XD)
|
Batting: SHB Edgardo Osorio
|
0-0: Called Strike 0-1: Called Strike 0-2: Strikes out swinging
|
Batting: LHB Andrew Alvarado
|
0-0: Ball 1-0: Ball 2-0: Ball 3-0: Base on Balls
|
Batting: RHB Wallace Greene
|
0-0: Ball 1-0: Foul Ball, location: 2F 1-1: Ground out 5-3 (Groundball, 56S)
|
Top of the 6th over - 0 runs, 1 hit, 0 errors, 2 left on base; Nassau 0 - Maui 0 |
BOTTOM OF THE 6TH |
Maui Tropics batting - Pitching for Nassau Rockets : RHP Oscar Wheeler
|
Batting: RHB Luis Alou
|
0-0: SOLO HOME RUN (Flyball, 7D), Distance : 344 ft
|
Batting: LHB Luis Antonio Torres
|
0-0: DOUBLE (Line Drive, 9LM)
|
Batting: RHB José Rodríguez
|
0-0: Fly out, F8 (Line Drive, 89XD) Runner from 2nd tags up, SAFE at 3rd, no throw
|
Batting: RHB Matt Silver
|
0-0: Intentional Walk
|
Batting: RHB John Brown
|
0-0: Fly out, F6 (Line Drive, 6)
|
Batting: RHB Ximena Campos
|
0-0: Called Strike 0-1: Ball 1-1: Reached on error, E6 (Groundball, 6M) Luis Antonio Torres scores Matt Silver to second
|
Batting: LHB Warren Potter
|
0-0: Foul Ball, location: 2F 0-1: Ball 1-1: Ball 2-1: Foul Ball, location: 2F 2-2: Ball 3-2: Ground out 6-3 (Groundball, 6)
|
Bottom of the 6th over - 2 runs, 2 hits, 1 error, 2 left on base; Nassau 0 - Maui 2 |
TOP OF THE 7TH |
Nassau Rockets batting - Pitching for Maui Tropics : LHP Jerry Martin
|
Batting: RHB Jesús Villalobos
|
0-0: Swinging Strike 0-1: Ball 1-1: Ball 2-1: Swinging Strike 2-2: Foul Ball, location: 2F 2-2: SINGLE (Flyball, 7)
|
Batting: RHB Salvador Borbón
|
0-0: Called Strike 0-1: Ball 1-1: 2-RUN HOME RUN (Flyball, 78XD), Distance : 381 ft
|
Batting: RHB Brant Sherman
|
0-0: Ball 1-0: Fly out, F5 (Popup, 5F)
|
Batting: RHB Alejandro Ramírez
|
0-0: Called Strike 0-1: Ball 1-1: Ball 2-1: Foul Ball, location: 2F 2-2: Foul Ball, location: 2F 2-2: Foul Ball, location: 2F 2-2: Ground out 6-3 (Groundball, 6)
|
Batting: LHB Juan Romero
|
0-0: Ball 1-0: Ground out 6-3 (Groundball, 6)
|
Top of the 7th over - 2 runs, 2 hits, 0 errors, 0 left on base; Nassau 2 - Maui 2 |
BOTTOM OF THE 7TH |
Maui Tropics batting - Pitching for Nassau Rockets : RHP Oscar Wheeler
|
Batting: LHB Ernesto López
|
0-0: Foul Ball, location: 2F 0-1: Foul Ball, location: 2F 0-2: SINGLE (Flyball, 9LM)
|
Batting: RHB Jesús Espinoza
|
0-0: Ball 1-0: Ball 2-0: Called Strike 2-1: Reached via error on a dropped throw, E3 Ernesto López to second
|
Batting: RHB Luis Alou
|
0-0: Called Strike 0-1: Foul Ball, location: 2F 0-2: Ball 1-2: Strikes out swinging
|
Batting: LHB Luis Antonio Torres
|
0-0: Ball 1-0: Swinging Strike 1-1: Ball 2-1: Foul Ball, location: 2F 2-2: Foul Ball, location: 2F 2-2: SINGLE (Line Drive, 34D) Ernesto López to third Jesús Espinoza to second Runner from 3rd tries for Home, SAFE, no throw
|
Pitching: RHP Bill Sampson
|
|
Pinch Hitting: LHB Dave Cook
|
0-0: Ball 1-0: Ball 2-0: Ball 3-0: Base on Balls Jesús Espinoza to third Luis Antonio Torres to second
|
Batting: RHB Matt Silver
|
0-0: Ball 1-0: Fly out, F8 (Flyball, 8RM)
|
Batting: RHB John Brown
|
0-0: Called Strike 0-1: Ball 1-1: Called Strike 1-2: Ball 2-2: Foul Ball, location: 2F 2-2: Ball 3-2: Base on Balls Jesús Espinoza scores Luis Antonio Torres to third Dave Cook to second
|
Batting: RHB Ximena Campos
|
0-0: Swinging Strike 0-1: Foul Ball, location: 2F 0-2: Ground out 4-3 (Groundball, 4)
|
Bottom of the 7th over - 2 runs, 2 hits, 1 error, 3 left on base; Nassau 2 - Maui 4 |
TOP OF THE 8TH |
Nassau Rockets batting - Pitching for Maui Tropics : LHP Jerry Martin
|
Pitching: RHP Archie Summers
|
|
Now in CF: Roberto Gómez
|
|
Batting: RHB Dexter Potter
|
0-0: Ball 1-0: Ground out 5-3 (Groundball, 5)
|
Batting: SHB Edgardo Osorio
|
0-0: Ball 1-0: Called Strike 1-1: Swinging Strike 1-2: Ball 2-2: Strikes out swinging
|
Batting: LHB Andrew Alvarado
|
0-0: Called Strike 0-1: Called Strike 0-2: SINGLE (Groundball, 4MD)
|
Batting: RHB Wallace Greene
|
0-0: Ball 1-0: Ball 2-0: Ball 3-0: Called Strike 3-1: Ground out 4-3 (Groundball, 34)
|
Top of the 8th over - 0 runs, 1 hit, 0 errors, 1 left on base; Nassau 2 - Maui 4 |
BOTTOM OF THE 8TH |
Maui Tropics batting - Pitching for Nassau Rockets : RHP Bill Sampson
|
Pitching: LHP Dennis Taylor
|
|
Batting: LHB Warren Potter
|
0-0: Ball 1-0: Ground out U3 (Groundball, 3)
|
Batting: LHB Ernesto López
|
0-0: Ball 1-0: Foul Ball, location: 2F 1-1: Foul Ball, location: 2F 1-2: Ball 2-2: Fly out, F7 (Line Drive, 7S)
|
Pitching: RHP Suezo Morimoto
|
|
Batting: RHB Jesús Espinoza
|
0-0: SOLO HOME RUN (Flyball, 7LD), Distance : 363 ft
|
Batting: RHB Luis Alou
|
0-0: Ball 1-0: Called Strike 1-1: DOUBLE (Line Drive, 7D)
|
Batting: LHB Luis Antonio Torres
|
0-0: Ball 1-0: Ball 2-0: Called Strike 2-1: Ball 3-1: Base on Balls
|
Batting: RHB Roberto Gómez
|
0-0: Ball 1-0: Ball 2-0: Foul Ball, location: 2F 2-1: Foul Ball, location: 2F 2-2: Ground out 4-3 (Groundball, 4)
|
Bottom of the 8th over - 1 run, 2 hits, 0 errors, 2 left on base; Nassau 2 - Maui 5 |
TOP OF THE 9TH |
Nassau Rockets batting - Pitching for Maui Tropics : RHP Archie Summers
|
Batting: RHB Jesús Villalobos
|
0-0: Ground out 6-3 (Groundball, 6)
|
Batting: RHB Salvador Borbón
|
0-0: Called Strike 0-1: Called Strike 0-2: Ball 1-2: Ball 2-2: Foul Ball, location: 2F 2-2: Strikes out swinging
|
Batting: RHB Brant Sherman
|
0-0: Called Strike 0-1: Swinging Strike 0-2: Strikes out looking
|
Top of the 9th over - 0 runs, 0 hits, 0 errors, 0 left on base; Nassau 2 - Maui 5 |
|